cohdb
Replays
Latest Replays
All Replays
Popular Replays
Top Player Replays
Match Explorer
How It Works
Community
CoH3 Stats
Reddit
Sign in to upload your games and track your stats! →
Sign in with Steam
Match 42879250
Unlisted
Match 42879250
Overview
Messages
Build Orders
End
Kettenkrad Recon Vehicle
Construct Infanterie Kompanie
Grenadier Squad
GrW 34 Mortar Team
Pioneer Squad
MG 42 Machine Gun Team
Grenadier Squad
Infanterie Officer Quarters
GrW 34 Mortar Team
Construct Panzergrenadier Kompanie
Support Elements
Nebelwerfer 42 Rocket Launcher Team
StuG III G Assault Gun
251 Medium Carrier
StuG III G Assault Gun
Knuthi
Leonardo180
Venom29er
SneaKerz
gb_gbg
tsims49
0
0
Comments
sign in to comment!
No comments posted yet!